Map: Echo LE (Void)

Players

Cuber - Winner!

  • Race: Zerg Zerg
  • League: Diamond
  • Spawn Location: 5:00

Musumeci

  • Race: Zerg Zerg
  • League: Diamond
  • Spawn Location: 11:00

VOD

Have the link to the VOD?

Description

Time

  • Played on: Dec. 22, 2016, 6:22 p.m.
  • Length: 11:49
Show
View Real Time Build Order
Export as new Build Order

Cuber Zerg - Winner!

Build Orders: Hatch First, Zergling Baneling 

Get SALT Encoding   

  12  0:00  Drone  
  13  0:08  Drone  
  14  0:16  Overlord  
  14  0:23  Extractor  
  14  0:24  Drone  
  15  0:35  Drone x2  
  17  0:49  Drone  
  18  0:59  Hatchery  
  18  1:02  Drone  
  18  1:06  Extractor  
  18  1:07  Drone  
  18  1:18  Spawning Pool  
  17  1:22  Drone  
  18  1:27  Extractor  
  18  1:31  Overlord  
  17  1:59  Drone  
  18  2:04  Queen  
  20  2:11  Queen  
  20  2:12  Zergling x6  
  20  2:13  Zergling x2  
  26  2:22  Drone  
  27  2:25  Drone  
  27  2:28  Metabolic Boost  
  28  2:37  Spine Crawler, Drone x2  
  29  2:46  Drone  
  30  2:57  Drone  
  30  2:58  Drone  
  32  3:00  Drone  
  33  3:09  Overlord  
  33  3:11  Overlord  
  33  3:20  Queen  
  33  3:25  Zergling x2  
  36  3:27  Zergling x2  
  36  3:28  Zergling x8  
  41  3:35  Baneling Nest  
  39  3:56  Zergling x2  
  39  3:57  Zergling x16  
  48  4:05  Zergling x6  
  44  4:36  Baneling x4  
  44  4:37  Baneling x2  
  44  4:38  Zergling x16  
  50  4:49  Baneling  
  50  4:50  Baneling  
  39  5:24  Zergling x16  
  39  5:27  Queen x2  
  42  5:58  Drone  
  42  5:59  Drone x5  
  42  6:03  Lair  
  48  6:16  Drone  
  48  6:17  Drone x3  
  51  6:23  Overlord x2  
  42  6:33  Zergling x2  
  42  6:34  Zergling x2  
  44  6:42  Zergling x12  
  50  6:51  Zergling x2  
  44  6:56  Zergling x2  
  44  6:57  Queen, Zergling x6  
  45  7:04  Baneling x2  
  45  7:11  Drone x4  
  49  7:17  Spire  
  49  7:20  Extractor  
  47  7:23  Drone, Overlord  
  48  7:33  Queen  
  50  7:37  Extractor  
  49  7:47  Hatchery  
  44  8:18  Baneling x2  
  44  8:19  Baneling  
  42  8:33  Mutalisk x6  
  50  8:37  Queen x2  
  53  8:47  Mutalisk x2  
  57  8:59  Queen  
  57  9:00  Zergling x2  
  57  9:01  Zergling x4  
  62  9:16  Mutalisk  
  62  9:17  Mutalisk x5  
  74  9:30  Overlord x3  
  74  9:32  Baneling x3  
  70  10:05  Mutalisk  
  70  10:06  Mutalisk x6  
  80  10:10  Zergling x2  
  80  10:11  Zergling x4  
  83  10:18  Drone x2  
  83  10:19  Drone  
  86  10:26  Overlord  
  84  10:40  Baneling x3  
  84  10:42  Baneling x2  
  84  10:43  Zergling x2  
  84  10:44  Zergling x10  
  84  10:48  Zergling x4  
  85  11:02  Mutalisk  
  85  11:03  Mutalisk x2  
Show
View Real Time Build Order
Export as new Build Order

Musumeci Zerg 

Build Orders: Hatch First, Zergling Baneling 

Get SALT Encoding   

  12  0:01  Drone  
  13  0:08  Drone  
  14  0:17  Overlord  
  14  0:26  Drone, Extractor  
  15  0:36  Drone  
  15  0:37  Drone  
  17  0:57  Hatchery  
  17  1:02  Drone  
  17  1:04  Extractor  
  17  1:05  Drone  
  17  1:19  Evolution Chamber  
  17  1:24  Spawning Pool  
  15  1:32  Drone x2  
  17  1:43  Drone  
  17  1:45  Evolution Chamber  
  18  1:47  Drone  
  20  2:00  Drone  
  21  2:10  Queen x2  
  21  2:11  Metabolic Boost  
  21  2:13  Zergling x2  
  26  2:16  Zergling x2  
  26  2:20  Zergling x2  
  28  2:26  Overlord  
  28  2:35  Baneling Nest  
  28  2:36  Zergling x2  
  28  2:41  Evolution Chamber  
  28  2:44  Zergling x2  
  28  2:57  Zergling x2  
  28  2:58  Zergling x6  
  32  3:18  Baneling x2  
  31  3:21  Baneling x2  
  31  3:22  Zergling x10  
  31  3:25  Overlord  
  30  3:55  Baneling x2  
  30  3:56  Zergling x2  
  30  3:57  Zergling x10  
  36  4:09  Zergling x12  
  42  4:11  Baneling x2  
  38  4:20  Queen  
  37  4:32  Baneling  
  37  4:33  Baneling x4  
  32  4:52  Baneling  
  32  4:53  Baneling  
  28  5:20  Baneling x3  
  26  5:23  Zergling x10  
  26  5:24  Zergling x10  
  32  5:39  Zergling x2  
  32  5:40  Zergling x10  
  35  5:55  Drone  
  35  6:04  Queen  
  36  6:21  Baneling x2  
  36  6:22  Baneling  
  36  6:25  Zergling x10  
  27  6:57  Zergling x12  
  24  7:11  Zerg Ground Armor Level 1  
  24  7:18  Baneling x2  
  24  7:21  Drone  
  25  7:27  Drone  
  26  7:40  Drone  
  26  7:41  Drone x2  
  28  8:02  Baneling x2  
  28  8:04  Baneling  
  21  8:33  Drone x8  
  24  8:35  Zergling x2  
  24  8:50  Zergling x4  
  24  8:52  Baneling  
  24  8:53  Baneling  
  24  8:54  Baneling  
  26  8:57  Baneling  
  26  9:02  Drone  
  27  9:08  Spore Crawler  
  26  9:10  Spore Crawler  
  25  9:18  Zergling x6  
  28  9:24  Overlord  
  28  9:31  Overlord  
  23  9:56  Zergling x16  
  28  10:08  Drone  
  28  10:09  Drone  
  30  10:21  Drone x2  
  30  10:24  Queen  
  34  10:34  Zergling x4  
  19  11:07  Zergling x6  
  20  11:16  Overlord  
  19  11:21  Zergling x2  
  20  11:32  Zergling x2  
Tags
 
Add a new tag
Caveats
  • Supply blocks, unpowered buildings, or Contaminate may cause inaccurate times.
  • Supply counts are checked every 10 seconds.